 Dungeon Crawl Stone Soup version 0.18-a0-1121-gb454403 (webtiles) character file.

37 ErgoProxy the Skirmisher (level 3, 0/29 HPs)
             Began as a Demonspawn Gladiator on Jan 18, 2016.
             Killed from afar by Sigmund (4 damage)
             ... with a magic dart
             ... on level 2 of the Dungeon.
             The game lasted 00:02:52 (1228 turns).

ErgoProxy the Skirmisher (Demonspawn Gladiator)     Turns: 1228, Time: 00:02:52

Health: 0/29       AC:  5    Str: 15    XL:     3   Next: 21%
Magic:  1/3        EV: 13    Int:  9    God:
Gold:   70         SH:  0    Dex: 14    Spells: 0 memorised, 2 levels left

rFire  . . .     SeeInvis .       - Unarmed
rCold  . . .     Gourm    .     a - +0 leather armour
rNeg   . . .     Faith    .     (no shield)
rPois  .         Spirit   .     b - +0 helmet
rElec  .         Dismiss  .     (no cloak)
rCorr  .         Reflect  .     (no gloves)
SustAt .         Harm     .     i - +0 pair of boots
MR     .....                    (no amulet)
Stlth  +.........               (no ring)
                                (no ring)

@: not resistant to hostile enchantments, very unstealthy
A: sturdy frame 1
a: no special abilities


You were on level 2 of the Dungeon.
You were not hungry.

You visited 1 branch of the dungeon, and saw 2 of its levels.

You collected 70 gold pieces.

Inventory:

Missiles
 c - 3 throwing nets (quivered)
 k - 14 poisoned needles
Armour
 a - a +0 leather armour (worn)
 b - a +0 helmet (worn)
 i - a +0 pair of boots (worn)
Scrolls
 e - a scroll of amnesia {unknown}
 g - a scroll of immolation {unknown}
 h - a scroll of fear {unknown}
 j - a scroll of teleportation {unknown}
 l - a scroll of remove curse {unknown}
 o - a scroll of identify {unknown}
Potions
 m - 2 potions of agility {unknown}
 n - 2 potions of haste {unknown}
 p - a potion of beneficial mutation {unknown}
Comestibles
 d - 2 bread rations
 f - a meat ration
 q - a beef jerky


   Skills:
 + Level 3.0 Fighting
 + Level 2.5 Throwing
 - Level 2.6 Dodging
 - Level 2.6 Unarmed Combat


You had 2 spell levels left.
You didn't know any spells.

Dungeon Overview and Level Annotations

Branches:
Dungeon (2/15)

Altars:

Annotations:
D:2 Sigmund


Innate Abilities, Weirdness & Mutations

Your movements are slightly less encumbered by armour (ER -2).


Message History

Sigmund is lightly wounded.
Sigmund casts a spell at you.
You are confused.
Sigmund mumbles some strange words.
Sigmund flickers and vanishes!
Deactivating autopickup; reactivate with Ctrl-A.
Something hits you but does no damage. Something hits you!
* * * LOW HITPOINT WARNING * * *
You feel your power leaking away.
Found a long sword.
You bump into the rock wall.
You feel less confused. Something hits you but does no damage.
A puff of flame appears from out of thin air!
The puff of flame hits you!
* * * LOW HITPOINT WARNING * * *
A magic dart appears from out of thin air!
The magic dart hits you!
You die...

#.....+ +.#############...#
#(##.## ### ##...@.......#
..##.###+# ##..########.##
####.##..#####..## #..#
#.....##....## #####.#####
####.......@#### #.........#
.....####...# #.......$.#
............##########.........#
###########.....@..............#
..........#....................#
#########.............<........#
#######................# ..#
#................# ###
###..............# #
#.............) # #.....#######
# ....#


There were no monsters in sight!

Vanquished Creatures
  A gnoll (D:1)
  An ooze (D:2)
  2 giant geckos
  2 giant cockroaches (D:1)
  A goblin (D:1)
  4 hobgoblins (D:1)
  4 bats
  3 giant newts (D:2)
  2 kobolds
  2 rats
22 creatures vanquished.

Notes
Turn   | Place    | Note
--------------------------------------------------------------
     0 | D:1      | ErgoProxy the Demonspawn Gladiator began the quest for the Orb.
     0 | D:1      | Reached XP level 1. HP: 16/16 MP: 1/1
   395 | D:1      | Gained mutation: Your movements are slightly less encumbered by armour (ER -2). [demonic ancestry]
   395 | D:1      | Reached XP level 2. HP: 23/23 MP: 2/2
   988 | D:2      | Reached XP level 3. HP: 28/28 MP: 3/3
  1025 | D:2      | Reached skill level 3 in Fighting
  1165 | D:2      | Noticed Sigmund
  1228 | D:2      | Killed from afar by Sigmund

Vault maps used:
D:1:      dpeg_arrival_short_road
D:2:      fedhas_altar_fruit_tree, first_bread, minmay_liquid_box, uniq_iyjb,
          uniq_sigmund, uniq_crazy_yiuf_cottage

Action                   || total
-------------------------++-------
Melee: Unarmed           ||    89
 Stab: Sleeping          ||     1
  Eat: Chunk             ||     1
